Construct Infanterie Kompanie
Selects Italian Coastal Battlegroup
Construct Panzergrenadier Kompanie
Selects Artillery Officer
Infanterie Officer Quarters
Pak 40 Anti-tank Gun Team
Construct Panzer Kompanie
Pak 40 Anti-tank Gun Team
Selects Obice da 210/22 Artillery Emplacement
Selects Designated Artillery Overwatch
Pak 40 Anti-tank Gun Team
Construct Luftwaffe Kompanie
Luftwaffe Officer Quarters
Pak 40 Anti-tank Gun Team
Designated Artillery Overwatch
Panzergrenadier Officer Quarters